 Dungeon Crawl Stone Soup version 0.24.0-123-gd5b16e6ec5 (webtiles) character file.

Game seed: 4617470059467900978, levelgen mode: deterministic

38641 ReteAZ the Cleaver (level 14, -2/88 HPs)
             Began as a Gargoyle Fighter on Dec 26, 2019.
             Was an Elder of the Shining One.
             Slain by a minotaur
             ... wielding a +3 broad axe of freezing
              (9 damage)
             ... in a Gauntlet.
             The game lasted 00:36:12 (15613 turns).

ReteAZ the Cleaver (Gargoyle Fighter)              Turns: 15613, Time: 00:36:14

Health: -2/88      AC: 33    Str: 24    XL:     14   Next: 3%
Magic:  12/14      EV:  7    Int: 14    God:    the Shining One [****..]
Gold:   2243       SH:  6    Dex:  9    Spells: 13/13 levels left

rFire    . . .     SeeInvis +   L - +7 executioner's axe (flame)
rCold    . . .     Gourm    .   (shield currently unavailable)
rNeg     + + +     Faith    .   H - +0 plate armour
rPois    ∞         Spirit   .   N - +2 hat {SInv}
rElec    +         Reflect  .   s - +2 cloak
rCorr    .         Harm     .   (no gloves)
MR       +....     NoTele   +   O - +2 pair of boots {run}
Stlth    ..........             Z - amulet of the acrobat
HPRegen  0.24/turn              J - ring "Ecuzi" {*Slow +Inv rPois SInv}
MPRegen  0.14/turn              M - ring "Bemedis" {Int+4 Slay+2}

@: divine shield, glowing, quick
A: big wings, negative energy resistance 1, electricity resistance, unbreathing,
petrification resistance, rot immunity, AC +10
a: Fly, Divine Shield, Cleansing Flame, Renounce Religion, Evoke Invisibility


You were in a Gauntlet.
You worshipped the Shining One.
The Shining One was greatly pleased with you.
You were not hungry.

You visited 2 branches of the dungeon, and saw 18 of its levels.
You also visited: Trove, Bailey, Gauntlet and Ice Cave.

You collected 2396 gold pieces.
You spent 153 gold pieces at shops.

Inventory:

Hand Weapons
 a - a +0 flail
 l - a +1 lajatang of speed
 F - a +2 falchion of flaming
 L - a +7 executioner's axe of flaming (weapon)
 T - the +5 falchion of the Slime-mould {venom, Dex+5, unknown}
   (You found it in an ice cave)

   It poisons the flesh of those it strikes.
   It affects your dexterity (+5).
Missiles
 v - 24 poisoned darts (quivered)
 D - 6 throwing nets
 P - 8 datura-tipped darts
Armour
 c - a +0 shield
 s - a +2 cloak (worn)
 H - a +0 plate armour (worn)
 N - a +2 hat of see invisible (worn)
 O - a +2 pair of boots of running (worn)
Jewellery
 C - an uncursed ring of ice
 J - the ring "Ecuzi" (left hand) {*Slow +Inv rPois SInv}
   (You found it in a treasure trove)

   [ring of see invisible]

   It protects you from poison.
   It lets you see invisible.
   It lets you turn invisible.
   It may slow you when you take damage.
 M - the ring "Bemedis" (right hand) {Int+4 Slay+2}
   (You found it in a treasure trove)

   [ring of intelligence]

   It affects your intelligence (+4).
   It affects your accuracy and damage with ranged weapons and melee attacks
   (+2).
 Z - an amulet of the acrobat (around neck)
Wands
 j - a wand of paralysis (25)
 u - a wand of acid (5)
 z - a wand of flame (28)
 I - a wand of disintegration (14)
 S - a wand of iceblast (23)
Scrolls
 d - 3 scrolls of fog
 e - 4 scrolls of random uselessness
 g - 3 scrolls of enchant weapon
 i - 13 scrolls of identify
 k - a scroll of noise
 m - 5 scrolls of enchant armour
 o - 10 scrolls of remove curse
 p - 4 scrolls of amnesia
 t - 2 scrolls of blinking
 x - 2 scrolls of torment {unknown}
 y - a scroll of holy word {unknown}
 A - 8 scrolls of teleportation {unknown}
 B - 5 scrolls of fear
 E - 2 scrolls of magic mapping
 K - a scroll of vulnerability {unknown}
 V - a scroll of silence {unknown}
Potions
 b - 3 potions of cancellation
 h - 2 potions of ambrosia
 n - 3 potions of flight
 r - 5 potions of heal wounds
 w - 5 potions of curing
 G - a potion of might
 U - a potion of magic {unknown}
 W - 4 potions of brilliance
 X - a potion of haste
 Y - a potion of agility {unknown}
Miscellaneous
 Q - a fan of gales
 R - a phial of floods
Comestibles
 f - 34 rations
 q - 3 chunks of flesh


   Skills:
 - Level 10.1 Fighting
 * Level 13.8(15.0) Axes
 - Level 11.4(14.5) Maces & Flails
 - Level 10.0 Armour
 - Level 9.1 Shields


You had 13 spell levels left.
You didn't know any spells.
Your spell library contained the following spells:

 Spells                   Type           Power        Failure   Level  Hunger
 Animate Skeleton         Necr           N/A          97%         1    ##.....
 Apportation              Tloc           #.....       97%         1    ##.....
 Confusing Touch          Hex            #.....       97%         1    ##.....
 Corona                   Hex            #......      97%         1    ##.....
 Pain                     Necr           #...         97%         1    ##.....
 Summon Butterflies       Summ           #.......     97%         1    ##.....
 Summon Small Mammal      Summ           #...         97%         1    ##.....
 Ensorcelled Hibernation  Hex/Ice        #.....       99%         2    ###....
 Call Canine Familiar     Summ           #.......     100%        3    ####...
 Confuse                  Hex            #.......     100%        3    ####...
 Dazzling Spray           Conj/Hex       #.....       100%        3    ####...
 Regeneration             Chrm/Necr      #.........   100%        3    ####...
 Tukima's Dance           Hex            #.......     100%        3    ####...
 Vampiric Draining        Necr           #.........   100%        3    ####...
 Animate Dead             Necr           N/A          100%        4    #####..
 Cause Fear               Hex            #.........   100%        4    #####..
 Summon Ice Beast         Ice/Summ       #.......     100%        4    #####..
 Silence                  Hex/Air        #.........   100%        5    ######.
 Summon Mana Viper        Hex/Summ       #.......     100%        5    ######.
 Yara's Violent Unravell  Hex/Tmut       #.........   100%        5    ######.
 Deflect Missiles         Chrm/Air       #.........   100%        6    #######
 Summon Hydra             Summ           #.........   100%        7    #######
 Discord                  Hex            #.........   100%        8    #######


Dungeon Overview and Level Annotations

Branches:
Dungeon (13/15)            Temple (0/1) D:7            Lair (5/6) D:8
 Shoals (0/4) Lair:3       Spider (0/4) Lair:2          Orc (0/2) D:11
 Bailey (visited)           IceCv (visited)         Gauntlet (1/1)
  Slime: Lair:5-6    Vaults: D:13-14

Altars:
Ashenzari
Elyvilon
Kikubaaqudgha
Okawaru
Sif Muna
Uskayaw
Vehumet
Xom
The Shining One

Shops:
D:8 ?   D:10 *   D:13 *

Annotations:
Gauntlet 7 transporters, 1 runed translucent door, exclusion: obsidian statue


Innate Abilities, Weirdness & Mutations

You are resistant to torment.
Your stone body is resilient. (AC +10)
You are immune to poison.
Your large and strong wings let you fly indefinitely.
You resist negative energy. (rN+)
You are resistant to electric shocks. (rElec)
You can survive without breathing.
You are immune to petrification.
You are immune to rotting.


Message History

The minotaur freezes you.
The minotaur gores you but does no damage.
You slash the minotaur! You burn the minotaur.
The minotaur is lightly wounded.
The minotaur hits you with a +3 broad axe of freezing!
The minotaur freezes you.
The minotaur gores you but does no damage.
Unknown command.
The minotaur blocks your attack.
The minotaur is lightly wounded.
The minotaur hits you but does no damage.
The minotaur gores you but does no damage.
The minotaur blocks your attack.
The minotaur is lightly wounded.
The minotaur hits you with a +3 broad axe of freezing!!
* * * LOW HITPOINT WARNING * * *
The minotaur freezes you!
* * * LOW HITPOINT WARNING * * *
The minotaur gores you!
You die...

#8∩8# #[.?# #8.8# ####:.?#
###8.#8.8# #....#...#
#.#..#8.8# #.#..##H##..#.
#.....@(......#
#.#.##.#.##.#.#
#.#....#....#.#
#.#.#######.#.#
#.............# ##...©.©.©...#
###### ##..8.8.8..###########
≈#≈#≈#≈####.......####≈#≈#§#≈#
........#≈#########§#.........


You could see a minotaur.

Vanquished Creatures
  Rupert (Lair:4)
  Fannar (Lair:2)
  3 hydras
  2 two-headed ogres (D:13)
  An ogre mage (D:13)
  Urug (Lair:2)
  An unseen horror (D:13)
  A necromancer (IceCv)
  3 ugly things
  4 elephants (Lair:4)
  A merfolk siren (Lair:3)
  A torpor snail (Gauntlet)
  3 ice statues (IceCv)
  8 spiny frogs
  A yaktaur (D:12)
  4 komodo dragons
  8 ice devils (IceCv)
  2 guardian mummies (D:11)
  A troll (D:11)
  2 hornets (D:12)
  3 merfolk (Lair:3)
  Prince Ribbit (D:7)
  9 blink frogs (Lair:3)
  8 slime creatures
  8 hippogriffs
  2 dream sheep (D:9)
  3 small abominations (Gauntlet)
  Sigmund (D:5)
  A redback (Lair:2)
  3 wraiths
  A wyvern (Lair:2)
  2 basilisks
  2 large abominations (Gauntlet)
  21 yaks
  A hungry ghost (D:8)
  5 vampire mosquitoes (D:13)
  A steam dragon (D:7)
  Menkaure (D:5)
  6 water moccasins
  7 porcupines
  2 ice beasts (D:10)
  4 sky beasts
  An eye of draining (D:9)
  3 orc warriors
  6 ogres
  A centaur (D:8)
  9 crocodiles
  5 big kobolds
  10 bullfrogs
  A gnoll sergeant (D:10)
  A wyvern skeleton (D:10)
  3 scorpions
  7 killer bees
  9 wights (D:11)
  2 howler monkeys
  A draconian simulacrum (IceCv)
  3 crimson imps
  4 bullfrog zombies
  A quasit (D:12)
  4 hounds
  3 jellies
  5 centaur skeletons
  2 orc priests
  13 orc wizards
  A bullfrog skeleton (D:5)
  8 iguanas
  Ijyb (D:5)
  3 troll simulacra (IceCv)
  5 worker ants
  2 spriggan simulacra (IceCv)
  A killer bee zombie (D:6)
  A centaur simulacrum (IceCv)
  2 hound skeletons (D:5)
  A worker ant zombie (D:9)
  A howler monkey skeleton (D:8)
  9 gnolls
  13 adders
  2 naga simulacra (IceCv)
  An ogre simulacrum (IceCv)
  3 shadow imps
  A white imp (D:4)
  An ooze (D:5)
  2 adder skeletons
  11 leopard geckos
  68 orcs
  A ball python (D:2)
  6 bats
  2 giant cockroaches
  17 goblins
  12 hobgoblins
  7 jackals
  11 kobolds
  2 quokkas
  8 frilled lizards
  2 goblin skeletons (D:4)
  4 hobgoblin zombies (D:4)
  3 kobold skeletons (D:4)
  A kobold zombie (D:4)
  A leopard gecko skeleton (D:4)
  An orc zombie (D:4)
  8 rats
  4 fungi
  8 plants
470 creatures vanquished.

Vanquished Creatures (others)
  2 plants (D:8)
2 creatures vanquished.

Grand Total: 472 creatures vanquished

Notes
Turn   | Place    | Note
-------+----------+-------------------------------------------
     0 | D:1      | ReteAZ the Gargoyle Fighter began the quest for the Orb.
     0 | D:1      | Reached XP level 1. HP: 14/14 MP: 1/1
   103 | D:1      | Reached XP level 2. HP: 11/19 MP: 2/2
   591 | D:1      | Reached XP level 3. HP: 23/23 MP: 3/3
   838 | D:2      | Found a shimmering altar of Xom.
  1239 | D:2      | Found a shimmering blue altar of Sif Muna.
  1471 | D:2      | Reached XP level 4. HP: 28/28 MP: 4/4
  1670 | D:3      | Noticed an ogre
  2383 | D:4      | Reached skill level 5 in Maces & Flails
  2385 | D:4      | Reached XP level 5. HP: 32/32 MP: 5/5
  2651 | D:4      | Found a glowing golden altar of the Shining One.
  2688 | D:4      | Became a worshipper of the Shining One
  2972 | D:4      | Found a shattered altar of Ashenzari.
  3282 | D:5      | Entered Level 5 of the Dungeon
  3291 | D:5      | Noticed Menkaure
  3312 | D:5      | Reached XP level 6. HP: 38/38 MP: 6/6
  3318 | D:5      | Killed Menkaure
  3441 | D:5      | Reached XP level 7. HP: 39/44 MP: 7/7
  3466 | D:5      | Noticed Sigmund
  3487 | D:5      | Killed Sigmund
  3651 | D:5      | Reached skill level 5 in Fighting
  3651 | D:5      | Reached skill level 5 in Armour
  3651 | D:5      | Reached skill level 5 in Shields
  3665 | D:5      | Found a radiant altar of Vehumet.
  3681 | D:5      | Reached * piety under the Shining One
  3681 | D:5      | Reached XP level 8. HP: 46/49 MP: 8/8
  3820 | D:5      | Noticed Ijyb
  3835 | D:5      | Killed Ijyb
  3889 | D:5      | Found an ancient bone altar of Kikubaaqudgha.
  4057 | D:6      | Found a white marble altar of Elyvilon.
  4581 | D:7      | Found a staircase to the Ecumenical Temple.
  4919 | D:7      | Noticed Prince Ribbit
  4939 | D:7      | Killed Prince Ribbit
  4939 | D:7      | Reached XP level 9. HP: 24/55 MP: 9/9
  5690 | D:8      | Found a hide-covered altar of Uskayaw.
  5730 | D:8      | Found a staircase to the Lair.
  5731 | D:8      | Noticed a komodo dragon
  6025 | D:8      | Found Dofeog's Magic Scroll Shoppe.
  6033 | D:8      | Bought a scroll of remove curse for 33 gold pieces
  6033 | D:8      | Bought a scroll of fog for 22 gold pieces
  6033 | D:8      | Bought a scroll of magic mapping for 38 gold pieces
  6033 | D:8      | Bought a scroll of identify for 22 gold pieces
  6033 | D:8      | Bought a scroll of fear for 38 gold pieces
  6114 | D:8      | Killed a komodo dragon
  6802 | D:9      | Reached XP level 10. HP: 59/63 MP: 10/10
  6803 | D:9      | Found an iron altar of Okawaru.
  6922 | D:9      | Reached ** piety under the Shining One
  6922 | D:9      | Noticed a two-headed hydra
  6926 | D:9      | Killed a one-headed hydra
  6926 | D:9      | Reached skill level 10 in Maces & Flails
  7175 | D:9      | Found a flagged portal.
  7181 | Bailey   | Entered a bailey
  7780 | D:10     | Entered Level 10 of the Dungeon
  7939 | D:10     | Reached XP level 11. HP: 44/69 MP: 11/11
  8306 | D:10     | Got a dazzling scale mail
  8327 | D:10     | Identified the +1 scale mail of the Wilderness {Dex+3} (You
                  | found it on level 10 of the Dungeon)
  8460 | D:10     | Found Xukaen Soil's Assorted Antiques.
  8915 | D:11     | Found a staircase to the Orcish Mines.
  8915 | D:11     | Noticed a green ugly thing
  8935 | D:11     | Killed a green ugly thing
  8958 | D:11     | Found a portal to a secret trove of treasure.
  9119 | Trove    | Entered a treasure trove
  9133 | Trove    | Got a bound marble ring
  9136 | Trove    | Got a vibrating golden ring
  9159 | Trove    | Identified the ring "Bemedis" {Int+4 Slay+2} (You found it
                  | in a treasure trove)
  9161 | Trove    | Identified the ring "Ecuzi" {*Slow +Inv rPois SInv} (You
                  | found it in a treasure trove)
  9174 | Trove    | Identified a +2 pair of boots of running (You found it in a
                  | treasure trove)
  9381 | D:11     | Reached skill level 1 in Axes
  9634 | D:11     | Reached skill level 2 in Axes
  9794 | D:11     | You fall into a shaft and drop 2 floors!
  9852 | D:13     | Reached skill level 3 in Axes
  9934 | D:13     | Noticed a four-headed hydra
  9940 | D:13     | Killed a one-headed hydra
 10102 | D:13     | Reached skill level 4 in Axes
 10140 | D:13     | Noticed an ogre mage
 10140 | D:13     | Noticed a two-headed ogre
 10151 | D:13     | Killed an ogre mage
 10151 | D:13     | Reached skill level 10 in Armour
 10151 | D:13     | Reached XP level 12. HP: 47/77 MP: 12/12
 10155 | D:13     | Killed a two-headed ogre
 10155 | D:13     | Reached skill level 10 in Fighting
 10155 | D:13     | Reached skill level 5 in Axes
 10158 | D:13     | Noticed a two-headed ogre
 10163 | D:13     | Killed a two-headed ogre
 10364 | D:13     | Reached skill level 6 in Axes
 10507 | D:13     | Found Duhueshram's General Store.
 10660 | D:13     | Reached skill level 7 in Axes
 11373 | D:12     | Reached skill level 8 in Axes
 11644 | D:12     | Reached skill level 9 in Axes
 11823 | Lair:1   | Entered Level 1 of the Lair of Beasts
 12165 | Lair:2   | Noticed Fannar
 12182 | Lair:2   | Killed Fannar
 12182 | Lair:2   | Reached skill level 10 in Axes
 12224 | Lair:2   | Noticed Urug
 12224 | Lair:2   | Reached *** piety under the Shining One
 12238 | Lair:2   | Killed Urug
 12238 | Lair:2   | Reached XP level 13. HP: 65/82 MP: 9/13
 12322 | Lair:2   | Found a frozen archway.
 12335 | IceCv    | Entered an ice cave
 12461 | IceCv    | Reached skill level 11 in Axes
 13074 | IceCv    | Reached **** piety under the Shining One
 13141 | IceCv    | Got a warped falchion
 13286 | Lair:2   | Found a hole to the Spider Nest.
 13701 | Lair:3   | Reached skill level 12 in Axes
 13879 | Lair:3   | Found a staircase to the Shoals.
 14459 | Lair:4   | Noticed Rupert
 14467 | Lair:4   | Paralysed by Rupert for 4 turns
 14472 | Lair:4   | Killed Rupert
 14472 | Lair:4   | Reached skill level 13 in Axes
 15281 | Lair:5   | Found a gate leading to a gauntlet.
 15290 | Gauntlet | Entered a Gauntlet
 15290 | Gauntlet | Found a transporter.
 15297 | Gauntlet | Found a runed translucent door.
 15299 | Gauntlet | Found a transporter.
 15301 | Gauntlet | Found a runed translucent door.
 15312 | Gauntlet | Found a transporter.
 15316 | Gauntlet | Found a transporter.
 15328 | Gauntlet | Found a transporter.
 15346 | Gauntlet | Found a transporter.
 15365 | Gauntlet | Found a transporter.
 15368 | Gauntlet | Reached ***** piety under the Shining One
 15370 | Gauntlet | Found a transporter.
 15370 | Gauntlet | Found a transporter.
 15373 | Gauntlet | Found a transporter.
 15374 | Gauntlet | Found a transporter.
 15385 | Gauntlet | Found the amulet of the Air {Inacc +Fly rElec EV+5 RMsl}
 15447 | Gauntlet | Gained mutation: Your large and strong wings let you fly
                  | indefinitely. [Gargoyle growth]
 15447 | Gauntlet | Reached XP level 14. HP: 61/88 MP: 14/14
 15604 | Gauntlet | Identified the +9 plate armour of Patterns {Int+2}
 15604 | Gauntlet | Identified the +2 large shield of the Inquisitive Gods
                  | {rPois Slay+2}
 15613 | Gauntlet | Slain by a minotaur

Levels and vault maps discovered:
D:1:      sevenhm_arrival_forest_fort_large_2, layout_loops_cross
D:2:      layout_basic, led_sif_pool, xom_teletrap_fun
D:3:      layout_loops_cross, lemuel_coloured_pillars_altar,
          minmay_ogre_servants
D:4:      layout_layer_cave, nicolae_ashenzari_panopticon,
          nicolae_tso_besieged_by_evil, first_ration
D:5:      layout_cave_pools, old_standard_altar, kiku_gazebo_pond_becter,
          uniq_menkaure, uniq_sigmund, uniq_ijyb
D:6:      layout_loops_ring, elyvilon_altar_5
D:7:      layout_basic, minmay_temple_entry_tees, uniq_prince_ribbit1
D:8:      layout_layer_cave, david_lair_shrubbed, basic_altar, serial_shops,
          shop, minmay_misc_feat_rows
D:9:      layout_roguey, old_standard_altar, enter_bailey_3, hangedman_ranch
          [blue_anna_fruit_fields]
D:10:     layout_long_grid, serial_shops, kennysheep_mini_moat,
          grunt_ministairs_15
D:11:     layout_long_grid, orc_0_dummy, nicolae_trove_entry_path_of_doom
D:12:     layout_cave_pools
D:13:     layout_grid_maze, serial_shops, nicolae_shop_trees, minivault_5
Lair:1:   layout_hall_layers
Lair:2:   layout_hall_layers, spider_nest_entry_rubble,
          portal_ice_cave_entry_pillars_1, grunt_megastairs_4, uniq_urug,
          uniq_fannar
Lair:3:   layout_loops_ring, elwin_shoals_entry_stream,
          nicolae_quartered_pool_little, chequers_serial_rivers_large_b,
          lemuel_fruit_fields
Lair:4:   layout_roguey, minmay_holes, grunt_forest_stairs_basic, uniq_rupert
Lair:5:   layout_long_grid, gauntlet_entry_generic, nzn_random_ring,
          infiniplex_staircase_pool, lemuel_fruit_fields, lemuel_fruit_tree
Gauntlet: minmay_gauntlet_mixed_oops_all_seconds
          [minmay_gauntlet_arena_77_p_blocks,
          gammafunk_gauntlet_arena_split_diamond,
          minmay_gauntlet_arena_77_shame_cube, nicolae_gauntlet_arena_blocks,
          minmay_gauntlet_arena_77_fan, nicolae_gauntlet_swirl,
          nicolae_gauntlet_exit_dead_adventurers]

Skill      XL: |  1  2  3  4  5  6  7  8  9 10 11 12 13 |
---------------+----------------------------------------+-----
Maces & Flails | 3 4 5 6 7 9 10 11 | 11.4
Fighting       | 4 5 6 7 8 9 10 | 10.1
Armour         | 4 5 6 7 8 10 | 10.0
Shields        | 4 5 6 7 8 9 |  9.1
Axes           | 4 10 13 | 13.8

Action                   |  1- 3 |  4- 6 |  7- 9 | 10-12 | 13-15 || total
-------------------------+-------+-------+-------+-------+-------++-------
Melee: Flail             |    36 |    60 |   342 |    51 |       ||   489
       Dagger            |    63 |   131 |       |       |       ||   194
       Falchion          |       |       |       |   353 |       ||   353
       Executioner's axe |       |       |       |   224 |   195 ||   419
Throw: Dart              |       |       |     3 |     1 |       ||     4
Invok: Divine Shield     |       |       |       |     2 |     4 ||     6
Evoke: Wand              |       |       |    11 |       |       ||    11
  Use: Potion            |       |     7 |       |     5 |       ||    12
       Scroll            |       |       |       |     8 |     2 ||    10
  Eat: Chunk             |     2 |     4 |    18 |    15 |     7 ||    46
       Ration            |       |     1 |       |     1 |     1 ||     3
Armor: Scale mail        |    46 |    88 |   177 |    87 |       ||   398
       Plate armour      |       |       |       |   410 |   198 ||   608
Dodge: Dodged            |    32 |    48 |    88 |   218 |    54 ||   440
Block: Shield            |    60 |    80 |   186 |   271 |       ||   597
       Other             |       |       |       |     2 |     5 ||     7
       Rpst.: Falchion   |       |       |       |    23 |       ||    23
